 Dungeon Crawl Stone Soup version 0.25-a0-265-g7af84ae0ac (webtiles) character file.

Game seed: 12532166554917395641, levelgen mode: deterministic

987 Gyeongju the Shield-Bearer (level 8, -6/61 HPs)
             Began as a Formicid Fighter on Dec 8, 2019.
             Was an Initiate of Qazlal.
             Mangled by an orc warrior
             ... wielding a +0 dire flail
              (18 damage)
             ... on level 6 of the Dungeon.
             The game lasted 00:09:20 (5759 turns).

Gyeongju the Shield-Bearer (Formicid Fighter)       Turns: 5759, Time: 00:09:21

Health: -6/61      AC: 13    Str: 24    XL:     8   Next: 41%
Magic:  8/8        EV:  6    Int:  7    God:    Qazlal [......]
Gold:   290        SH: 11    Dex: 10    Spells: 7/7 levels left

rFire    + . .     SeeInvis +   a - +0 war axe
rCold    . . .     Gourm    .   c - +0 shield
rNeg     + . .     Faith    .   k - +0 plate armour
rPois    .         Spirit   .   (helmet unavailable)
rElec    .         Reflect  .   y - +0 cloak
rCorr    .         Harm     .   (no gloves)
MR       .....                  (no boots)
Stlth    ..........             (no amulet)
HPRegen  0.20/turn              C - ring of protection from fire
MPRegen  0.11/turn              v - ring of positive energy

@: no status effects
A: permanent stasis, dig shafts and tunnels, four strong arms, antennae 3
a: Dig, Shaft Self, Renounce Religion


You were on level 6 of the Dungeon.
You worshipped Qazlal.
Qazlal was noncommittal.
You were not hungry.

You visited 1 branch of the dungeon, and saw 6 of its levels.

You collected 290 gold pieces.

Inventory:

Hand Weapons
 a - a +0 war axe (weapon)
Missiles
 u - 20 poisoned darts (quivered)
Armour
 b - a +0 scale mail
 c - a +0 shield (worn)
 j - +0 ice dragon scales
 k - a +0 plate armour (worn)
 y - a +0 cloak (worn)
Jewellery
 n - an uncursed ring of magical power
 r - an uncursed ring of fire
 s - an uncursed ring of ice
 v - a ring of positive energy (right hand)
 C - a ring of protection from fire (left hand)
 F - an uncursed amulet of harm
Wands
 D - a wand of iceblast (12)
Scrolls
 e - a scroll of noise {unknown}
 h - 10 scrolls of identify {unknown}
 l - 2 scrolls of magic mapping {unknown}
 m - 9 scrolls of remove curse {unknown}
 o - a scroll of amnesia {unknown}
 p - 4 scrolls of random uselessness {unknown}
 t - a scroll of fog {unknown}
 w - a scroll of teleportation {unknown}
 x - a scroll of fear {unknown}
 z - 2 scrolls of enchant weapon {unknown}
Potions
 d - a potion of heal wounds {unknown}
 g - 2 potions of degeneration {unknown}
 i - 3 potions of cancellation {unknown}
 q - a potion of flight {unknown}
 A - a potion of ambrosia {unknown}
 B - a potion of curing {unknown}
 G - a potion of might
Comestibles
 f - 15 rations
 E - 3 chunks of flesh


   Skills:
 + Level 4.9 Fighting
 + Level 5.1 Axes
 + Level 2.9 Throwing
 + Level 5.2 Armour
 - Level 1.3 Dodging
 - Level 0.1 Stealth
 + Level 6.6 Shields


You had 7 spell levels left.
You didn't know any spells.
Your spell library contained the following spells:

 Spells                   Type           Power        Failure   Level  Hunger
 Confusing Touch          Hex            #.....       100%        1    ##.....
 Confuse                  Hex            #.......     100%        3    ####...
 Gell's Gravitas          Tloc           #.........   100%        3    ####...
 Petrify                  Tmut/Erth      #.......     100%        4    #####..
 Metabolic Englaciation   Hex/Ice        #.........   100%        5    ######.
 Yara's Violent Unravell  Hex/Tmut       #.........   100%        5    ######.


Dungeon Overview and Level Annotations

Branches:
Dungeon (6/15)             Temple (0/1) D:5

Altars:
Kikubaaqudgha
Makhleb
Qazlal
Sif Muna

Shops:
D:5 }

Annotations:
D:2 exclusion: 2 downstairs
D:4 exclusion: door


Innate Abilities, Weirdness & Mutations

You cannot be hasted, slowed, berserked, paralysed or teleported.
You can dig through walls and to a lower floor.
Your four strong arms can wield two-handed weapons with a shield.
You have a pair of large antennae on your head. (SInv)


Message History

The orc priest calls down the wrath of Beogh upon you.
Beogh smites you!
Throwing (i - inventory)
u - 22 poisoned darts (quivered)
Press: ? - help, Shift-Dir - straight line, f/p - orc priest
Aim: an orc priest, wielding a +0 dagger (almost dead, poisoned)
You throw a poisoned dart. The poisoned dart hits the orc warrior!
The orc warrior is poisoned.
You block the orc warrior's attack.
The orc priest mumbles some strange prayers to Beogh against you.
Beogh smites you!
* * * LOW HITPOINT WARNING * * *
Throwing (i - inventory)
u - 21 poisoned darts (quivered)
Press: ? - help, Shift-Dir - straight line, f/p - orc priest
Aim: an orc priest, wielding a +0 dagger (almost dead, poisoned)
You throw a poisoned dart. The poisoned dart hits the orc warrior.
The orc warrior looks even sicker.
You kill the orc priest!
Qazlal accepts your kill. The orc warrior barely misses you.
The orc warrior hits you with a +0 dire flail!!
You die...

.......##.### #.#
.########.# #.# .# #.# #.#
.# #.# #.# .# #.# #.# .#
#.# #.# .# ##.# #.# .#
#..# #.# .# #.##
#@########## .# #.#
###.o........#
.#######.###
#..........#.#
<.....[....#
#.########.#.#
########.#.# #.# #(#.#
#.#.# #.########(#.#######
#.#.###.......##.#........
#.#..................#####
#.#...#######'##........#


You could see an orc warrior.

Vanquished Creatures
  Sigmund (D:2)
  Eustachio (D:4)
  An ogre (D:6)
  2 crimson imps (D:5)
  3 hounds
  An orc priest (D:6)
  An iguana (D:6)
  4 orc wizards
  3 worker ants
  A hound skeleton (D:6)
  8 adders
  2 oozes
  2 adder skeletons
  3 worms
  2 dart slugs (D:1)
  4 leopard geckos
  7 orcs
  5 bats
  4 giant cockroaches
  8 goblins
  7 hobgoblins
  4 jackals (D:6)
  A quokka (D:5)
  A ball python (D:4)
  3 frilled lizards (D:2)
  11 kobolds
  11 rats
101 creatures vanquished.

Notes
Turn   | Place    | Note
-------+----------+-------------------------------------------
     0 | D:1      | Gyeongju the Formicid Fighter began the quest for the Orb.
     0 | D:1      | Reached XP level 1. HP: 18/18 MP: 1/1
   180 | D:1      | Reached XP level 2. HP: 22/24 MP: 2/2
   183 | D:1      | Reached skill level 4 in Shields
   837 | D:1      | Reached XP level 3. HP: 29/29 MP: 3/3
  1186 | D:2      | Noticed Sigmund
  1196 | D:2      | Killed Sigmund
  1196 | D:2      | Reached XP level 4. HP: 34/37 MP: 4/4
  1196 | D:2      | Reached XP level 5. HP: 38/42 MP: 5/5
  1196 | D:2      | Reached XP level 6. HP: 44/48 MP: 6/6
  1304 | D:2      | Reached skill level 1 in Throwing
  1751 | D:2      | Reached skill level 5 in Shields
  2502 | D:3      | Found a stormy altar of Qazlal.
  3254 | D:3      | Became a worshipper of Qazlal Stormbringer
  3417 | D:4      | Reached XP level 7. HP: 55/55 MP: 7/7
  3470 | D:4      | Found a shimmering blue altar of Sif Muna.
  3741 | D:4      | Noticed Eustachio
  3799 | D:4      | Killed Eustachio
  3799 | D:4      | Reached skill level 1 in Dodging
  4322 | D:5      | Entered Level 5 of the Dungeon
  4371 | D:5      | Found Ojaivimy's Gadget Boutique.
  4447 | D:5      | Found an ancient bone altar of Kikubaaqudgha.
  4509 | D:5      | Reached skill level 6 in Shields
  4621 | D:5      | Found a staircase to the Ecumenical Temple.
  5257 | D:5      | Reached XP level 8. HP: 60/61 MP: 8/8
  5500 | D:6      | Reached skill level 5 in Armour
  5580 | D:6      | Found a burning altar of Makhleb.
  5702 | D:6      | Reached skill level 5 in Axes
  5759 | D:6      | Mangled by an orc warrior

Levels and vault maps discovered:
D:1:      saegor_arrival_simple_d, layout_basic, chequers_serial_rivers_small_3,
          serial_bayou_pond_e
D:2:      layout_basic, minmay_crystal_water, minmay_joined_circles,
          uniq_sigmund
D:3:      layout_basic, lemuel_round_altar
D:4:      layout_basic, led_sif_book, first_ration, uniq_eustachio
D:5:      layout_layer_cave, old_standard_altar,
          minmay_temple_entry_statues_pillars, serial_shops, shop, minivault_11
D:6:      layout_loops_ring, grunt_temple_overflow_gold_and_silver,
          marbit_many_paths, minivault_25, lemuel_altar_in_water, uniq_edmund,
          uniq_blork_the_orc

Skill      XL: |  1  2  3  4  5  6  7  8 |
---------------+-------------------------+-----
Shields        | 4 5 6 |  6.6
Fighting       | 4 |  4.9
Axes           | 3 4 5 |  5.1
Armour         | 4 5 |  5.2
Throwing       | 1 2 |  2.9
Dodging        | 1 |  1.3
Stealth        | |  0.1

Action                   |  1- 3 |  4- 6 |  7- 9 || total
-------------------------+-------+-------+-------++-------
Melee: War axe           |    75 |   158 |   109 ||   342
Throw: Dart              |     8 |    21 |    28 ||    57
  Use: Potion            |     1 |       |       ||     1
  Eat: Chunk             |     1 |     7 |     8 ||    16
Armor: Scale mail        |    20 |       |       ||    20
       Plate armour      |    12 |    88 |    80 ||   180
Dodge: Dodged            |    21 |    34 |    37 ||    92
Block: Shield            |    34 |    75 |    72 ||   181

Table legend:
 A = Non-vault XP
 B = Vault XP
 C = Vault XP percentage of total XP
 D = Non-vault monster count
 E = Vault monster count
 F = Vault count percentage of total count
                 A         B        C        D         E       F
            +---------+---------+-------+---------+---------+-------
      Total |     903 |     507 |  36.0 |      79 |      22 |  21.8
            +---------+---------+-------+---------+---------+-------
        D:1 |      29 |       0 |   0.0 |      15 |       0 |   0.0
        D:2 |      36 |     296 |  89.2 |      14 |      21 |  60.0
        D:3 |      97 |       0 |   0.0 |      18 |       0 |   0.0
        D:4 |     174 |     211 |  54.8 |       8 |       1 |  11.1
        D:5 |     209 |       0 |   0.0 |       9 |       0 |   0.0
        D:6 |     358 |       0 |   0.0 |      15 |       0 |   0.0
            +---------+---------+-------+---------+---------+-------
